 Dungeon Crawl Stone Soup version 0.22.1-1-ga44c0e56f4 (webtiles) character file.

67 MDKed the Skirmisher (level 4, -1/24 HPs)
             Began as a Vine Stalker Fighter on Nov 5, 2018.
             Killed from afar by Terence (5 damage)
             ... with a wand of flame (19)
             ... on level 2 of the Dungeon.
             The game lasted 00:05:13 (1409 turns).

MDKed the Skirmisher (Vine Stalker Fighter)         Turns: 1409, Time: 00:05:13

Health: -1/24      AC:  6    Str: 20    XL:     4   Next: 18%
Magic:  0/5        EV:  7    Int:  8    God:
Gold:   86         SH:  9    Dex: 13    Spells: 3/3 levels left

rFire    . . .     SeeInvis .   a - +0 long sword
rCold    . . .     Gourm    .   c - +0 shield
rNeg     . . .     Faith    .   b - +0 scale mail
rPois    .         Spirit   +   (no helmet)
rElec    .         Reflect  .   (no cloak)
rCorr    .         Harm     .   (no gloves)
MR       .....                  (no boots)
Stlth    ..........             (no amulet)
HPRegen  0.48/turn              (no ring)
MPRegen  0.09/turn              (no ring)

@: no status effects
A: fangs 2, regeneration 1, magic shield, antimagic bite, no potion heal 3, rot
immunity
a: no special abilities


You were on level 2 of the Dungeon.
You were not hungry.

You visited 1 branch of the dungeon, and saw 2 of its levels.

You collected 86 gold pieces.

Inventory:

Hand Weapons
 a - a +0 long sword (weapon)
Armour
 b - a +0 scale mail (worn)
 c - a +0 shield (worn)
Scrolls
 g - 2 scrolls of identify
 i - 2 scrolls of remove curse
Potions
 d - a potion of might
 e - a potion of curing
 h - a potion of degeneration {unknown}
Comestibles
 f - 2 rations


   Skills:
 * Level 3.3 Fighting
 * Level 2.3 Long Blades
 * Level 2.8 Armour
 * Level 3.2 Shields


You had 3 spell levels left.
You didn't know any spells.
Your spell library was empty.

Dungeon Overview and Level Annotations

Branches:
Dungeon (2/15)

Altars:
Makhleb

Annotations:
D:2 Terence


Innate Abilities, Weirdness & Mutations

You have extremely sharp teeth.
Your natural rate of healing is unusually fast.
When hurt, damage is shared between your health and your magic reserves.
Your bite disrupts and absorbs the magic of your enemies.
Potions cannot restore your health.
You are immune to rotting.


Message History

Terence hits you but does no damage.
You barely miss Terence. You bite Terence. You drain his power.
You feel invigorated.
Terence is lightly wounded.
You block Terence's attack.
You closely miss Terence. You bite Terence. You drain his power.
Terence is moderately wounded.
Terence zaps a wand.
The puff of flame hits you!
* * * LOW HITPOINT WARNING * * *
You are too injured to fight recklessly!
Terence zaps a wand.
You block the puff of flame.
Terence zaps a wand.
You block the puff of flame.
Terence zaps a wand.
The puff of flame hits you!
* * * LOW HITPOINT WARNING * * *
Terence zaps a wand.
You block the puff of flame.
Terence zaps a wand.
The puff of flame hits you!
* * * LOW HITPOINT WARNING * * *
You see here 20 arrows.
Terence zaps a wand.
The puff of flame hits you!
You die...

......#..############.#.# #.#
.._.......@....@..>...#.####.#
......#.########(#.#.......#.#
......#.### #.#.#..#.#..#.#
.....##...# #.#.#..###.##.##
##.####...# #.#.#..........#
..........# #.#.#...##.#####
.###......## #.#.#...##.#
...........## #@#.#...##.#
####....#...# ##.#.#...##.#
####.#.#.# #....#...##.#
##.#.## ##.###...##.# #.###.#
#........##. ##.#.##
#....#†#.# #.#.#.# #...)#.#.#
##.#.## #....#.#.# #.###.#
#....#.#.####


You could see Terence.

Vanquished Creatures
  2 adders (D:2)
  3 dart slugs (D:1)
  2 leopard geckos (D:1)
  5 bats
  4 giant cockroaches
  3 goblins
  3 hobgoblins (D:1)
  3 jackals (D:1)
  A quokka (D:2)
  A ball python (D:1)
  4 frilled lizards (D:1)
  5 kobolds
  5 rats
41 creatures vanquished.

Notes
Turn   | Place    | Note
-------+----------+-------------------------------------------
     0 | D:1      | MDKed the Vine Stalker Fighter began the quest for the Orb.
     0 | D:1      | Reached XP level 1. HP: 11/11 MP: 2/2
   132 | D:1      | Reached XP level 2. HP: 16/16 MP: 3/3
   237 | D:1      | Reached XP level 3. HP: 12/20 MP: 4/4
  1218 | D:2      | Gained mutation: Your natural rate of healing is unusually
                  | fast. [Vine Stalker growth]
  1218 | D:2      | Reached XP level 4. HP: 24/24 MP: 5/5
  1375 | D:2      | Found a burning altar of Makhleb.
  1387 | D:2      | Noticed Terence
  1403 | D:2      | HP: 1/24 [Terence/wand of flame (20) (7)]
  1409 | D:2      | Killed from afar by Terence

Skill      XL: |  1  2 |
---------------+-------+-----
Fighting       | 3 |  3.3
Long Blades    | 2 |  2.3
Shields        | 3 |  3.2
Armour         | |  2.8

Action                   |  1- 3 |  4- 6 || total
-------------------------+-------+-------++-------
Melee: Long sword        |   100 |    11 ||   111
       Bite              |    27 |     7 ||    34
  Use: Scroll            |     5 |       ||     5
       Potion            |     1 |       ||     1
  Eat: Ration            |     1 |       ||     1
Armor: Scale mail        |    49 |     6 ||    55
Dodge: Dodged            |    34 |     2 ||    36
Block: Shield            |    53 |    11 ||    64
       Rpst.: Long sword |     7 |     2 ||     9
